 Dungeon Crawl Stone Soup version 0.32-a0-314-g526f7d4993 (webtiles) character file.

Game seed: 12078665271074209842

102 timneilson the Changeling (level 4, -5/29 HPs)
             Began as an Octopode Shapeshifter on Feb 15, 2024.
             Slain by an ogre
             ... wielding a +0 giant spiked club
              (34 damage)
             ... on level 3 of the Dungeon.
             The game lasted 00:02:55 (894 turns).

timneilson the Changeling (Octopode Shapeshifter)    Turns: 894, Time: 00:02:56

Health: -5/29      AC:  1    Str: 15    XL:     4   Next: 77%
Magic:  4/4        EV: 13    Int: 12    God:
Gold:   133        SH:  5    Dex: 11    Spells: 3/3 levels left

rFire   + +          .
                       - Unarmed
rCold   . . .        (no shield)
rNeg    . . .        (helmet currently unavailable)
rPois   .            g - amulet of reflection
rElec   .            e - ring of Okawaru's Supremacy {Fly rF++}
rCorr   .            (no ring)
SInv    .            (no ring)
Will    .....        (no ring)
Stlth   +++          (no ring)
HPRegen 0.24/turn    (no ring)
MPRegen 0.09/turn    (no ring)
                     (no ring)

%: reflection
@: beast-form, flying
A: beast (slay +2), almost no armour, amphibious, 8 rings, camouflage 1,
gelatinous body 1, (nimble swimmer 1), tentacles
a: Begin Untransformation


You were on level 3 of the Dungeon.
You were a hulking beast.
You visited 1 branch of the dungeon, and saw 3 of its levels.

You collected 133 gold pieces.

Inventory:

Missiles
 f - 5 poisoned darts (quivered)
Jewellery
 e - the ring of Okawaru's Supremacy (left tentacle) {Fly rF++}
   (You acquired it on level 2 of the Dungeon)

   [ring of flight]

   rF++:      It greatly protects you from fire.
   Fly:       It grants you flight.
 g - an amulet of reflection (around mantle)
Talismans
 b - a beast talisman (active)
 c - a flux talisman
Scrolls
 d - 2 scrolls of identify
 j - 2 scrolls of enchant weapon
Potions
 a - 3 potions of lignification
 h - 2 potions of magic
 l - 2 potions of invisibility {unknown}
 m - a potion of attraction {unknown}


   Skills:
 * Level 2.2 Fighting
 * Level 2.8 Dodging
 + Level 2.0 Stealth
 * Level 3.4 Unarmed Combat
 * Level 3.5 Shapeshifting


You had 3 spell levels left.
You didn't know any spells.
Your spell library contained the following spells:

 Spells                   Type           Power      Damage    Failure   Level
 Lesser Beckoning         Tloc           0%         N/A       45%         2
 Gell's Gravitas          Tloc           0%         N/A       69%         3
 Teleport Other           Tloc           0%         N/A       69%         3


Dungeon Overview and Level Annotations

Branches:
Dungeon (3/15)

Altars:
Zin


Innate Abilities, Weirdness & Mutations

You are a hulking beast.
Your limbs bulge with bestial killing power. (Slay +2)
You cannot wear most types of armour.
You are amphibious.
You can wear up to eight rings at the same time.
Your skin changes colour to match your surroundings (Stealth+).
Your rubbery body absorbs attacks. (AC +1, EV +1)
((You are camouflaged when in or above water. (Stealth+)))
You have tentacles for arms and can constrict up to eight enemies at once.


Message History

Something appears before you!
e - the ring of Okawaru's Supremacy {Fly rF++} You fly up into the air.
e - the ring of Okawaru's Supremacy (left tentacle) {Fly rF++} You start putting on your amulet.
You continue putting on your amulet of reflection. x5
You finish putting on your amulet of reflection.
You feel a shielding aura gather around you.
g - an amulet of reflection (around mantle)
There is a stone staircase leading down here.
You fly downwards.
Found a scale mail.
There is a stone staircase leading up here.
An endoplasm comes into view.
A bat comes into view.
The helpless endoplasm fails to defend itself.
You tentacle-slap the endoplasm. You squeeze the endoplasm.
You kill the endoplasm!
The bat closely misses you.
You see here a +0 scale mail.
You tentacle-slap the bat. You grab the bat. You squeeze the bat.
You kill the bat!
You see here a bat corpse.
Found a dagger.
You see here a +0 dagger.
An ogre comes into view. It is wielding a +0 giant spiked club.
The ogre shouts!
You throw a poisoned dart.
The poisoned dart barely misses the ogre.
The ogre attacks as it pursues you! The ogre misses you.
You tentacle-slap the ogre.
The ogre is moderately wounded.
The ogre barely misses you.
You tentacle-slap the ogre.
The ogre is moderately wounded.
You tentacle-slap the ogre. You squeeze the ogre!
The ogre is severely wounded.
The ogre hits you with a +0 giant spiked club!!
Ouch! That really hurt!
You die...

#.##.#
#.##.#
#.#####.##.#
#..........#
#######.####
#)# ##.#
#..# #h##
#O# #.# #.#
#(......#
#######.#


You could see an ogre.

Vanquished Creatures
  A gnoll (D:1)
  A dart slug (D:2)
  A ribbon worm (D:2)
  7 ball pythons
  4 endoplasms
  2 giant cockroaches (D:2)
  3 goblins
  7 hobgoblins (D:1)
  3 jackals (D:2)
  4 quokkas
  5 bats
  5 frilled lizards (D:1)
  A kobold (D:1)
  6 rats
50 creatures vanquished.

Notes
Turn   | Place    | Note
-------+----------+-------------------------------------------
     0 | D:1      | timneilson the Octopode Shapeshifter began the quest for
                  | the Orb.
     0 | D:1      | Reached XP level 1. HP: 13/13 MP: 1/1
    44 | D:1      | Reached XP level 2. HP: 11/18 MP: 2/2
    92 | D:1      | Reached skill level 1 in Stealth
   127 | D:1      | Reached XP level 3. HP: 22/23 MP: 3/3
   423 | D:1      | Reached XP level 4. HP: 29/29 MP: 4/4
   613 | D:2      | Found a glowing silver altar of Zin.
   848 | D:2      | Identified a scroll of acquirement
   852 | D:2      | Acquired the ring of Okawaru's Supremacy {Fly rF++}
   887 | D:3      | Noticed an ogre
   894 | D:3      | Slain by an ogre

Illustrated notes

Levels and vault maps discovered:
D:1:      mushboom_english_gardens, layout_rooms
D:2:      layout_rooms, basic_altar, st_stairs_7, kennysheep_cluttered_room
D:3:      layout_loops_ring, hellmonk_overflow_destroyed_library

Skill      XL: |  1  2  3  4 |
---------------+-------------+-----
Stealth        | 1 2 |  2.0
Fighting       | 2 |  2.2
Dodging        | |  2.8
Unarmed Combat | |  3.4
Shapeshifting  | |  3.5

Action                     |  1- 3 |  4- 6 || total
---------------------------+-------+-------++-------
  Melee: Unarmed           |    44 |    34 ||    78
         Constrict         |    11 |    11 ||    22
         Tentacles         |     9 |     6 ||    15
         Punch             |       |     3 ||     3
  Throw: Dart              |       |     1 ||     1
    Use: Scroll            |       |     6 ||     6
   Stab: Sleeping          |     3 |     6 ||     9
         Distracted        |       |     1 ||     1
 Armour: Skin              |    13 |    13 ||    26
  Dodge: Dodged            |    21 |    14 ||    35

Table legend: (Time is in decaauts)
 A = Elapsed time spent in this place.
 B = Non-inter-level travel time spent in this place.
 C = Inter-level travel time spent in this place.
 D = Time resting spent in this place.
 E = Time spent auto-exploring this place.
 F = Levels seen in this place.
 G = Mean time per level.
                   A        B        C        D        E       F      G
               +--------+--------+--------+--------+--------+-----+--------+
         Total |    888 |    873 |     15 |      0 |    544 |   3 |  296.0 |
       Dungeon |    888 |    873 |     15 |      0 |    544 |   3 |  296.0 |
               +--------+--------+--------+--------+--------+-----+--------+

Top non-repeatable levels by time:
     D:1: 464 daAuts
     D:2: 394 daAuts
     D:3: 29 daAuts
